 Dungeon Crawl Stone Soup version 0.16.2-2-g470672f (webtiles) character file.

21 monobi the Insei (level 2, -2/21 HPs)
             Began as a Demonspawn Transmuter on Sept 4, 2015.
             Slain by a gnoll
             ... wielding a +0 spear
              (7 damage)
             ... on level 2 of the Dungeon.
             The game lasted 00:01:32 (765 turns).

monobi the Insei (Demonspawn Transmuter)             Turns: 765, Time: 00:01:32

Health: -2/21      AC:  2    Str: 10    XL:     2   Next: 62%
Magic:  4/4        EV: 12    Int: 14    God:
Gold:   83         SH:  0    Dex: 13    Spells: 1 memorised, 4 levels left

rFire  . . .     SeeInvis .       - Unarmed
rCold  . . .     Clarity  .     c - +0 robe
rNeg   . . .     SustAb   .     (no shield)
rPois  .         Gourm    .     (no helmet)
rElec  .         Spirit   .     (no cloak)
rCorr  .         Warding  .     (no gloves)
rMut   .         Stasis   .     (no boots)
MR     .....                    n - amulet of rage
Stlth  +.........               (no ring)
                                (no ring)

@: not resistant to hostile enchantments, very unstealthy
A: claws 1
a: Evoke Berserk Rage


You were on level 2 of the Dungeon.
You were not hungry.

You visited 1 branch of the dungeon, and saw 2 of its levels.

You collected 83 gold pieces.

Inventory:

Missiles
 b - 64 arrows
Armour
 c - a +0 robe (worn)
Jewellery
 n - an amulet of rage (around neck)
Scrolls
 h - 4 scrolls of identify {unknown}
 i - a scroll of fear {unknown}
 j - a scroll of teleportation {unknown}
 k - 2 scrolls of remove curse {unknown}
 l - a scroll of enchant armour {unknown}
 m - a scroll of noise {unknown}
 p - a scroll of blinking {unknown}
Potions
 e - a potion of curing {unknown}
 g - a potion of agility {unknown}
 o - a potion of invisibility {unknown}
Books
 d - a book of Changes

   Spells                             Type                      Level
   a - Beastly Appendage              Transmutation                1
   b - Sticks to Snakes               Transmutation                2
   c - Spider Form                    Transmutation/Poison         3
   d - Ice Form                       Ice/Transmutation            4
   e - Blade Hands                    Transmutation                5
Comestibles
 a - 2 bread rations
 f - a meat ration


   Skills:
 + Level 1.4 Fighting
 + Level 2.0 Dodging
 + Level 3.1 Unarmed Combat
 + Level 2.0 Spellcasting
 + Level 1.9 Transmutations


You had 4 spell levels left.
You knew the following spells:

 Your Spells              Type           Power        Failure   Level  Hunger
a - Beastly Appendage     Trmt           #.....       14%         1    ##.....


Dungeon Overview and Level Annotations

Branches:
Dungeon (2/15)

Altars:
Dithmenos


Innate Abilities, Weirdness & Mutations

You have sharp fingernails.


Message History

A gnoll comes into view. It is wielding a flail of protection.
The gnoll shouts! x2
The gnoll throws a throwing net.
The throwing net completely misses you.
Found 11 sling bullets, a throwing net and 5 tomahawks.
The gnoll closely misses you. The gnoll barely misses you.
There are monsters nearby!
You scratch the gnoll but do no damage. The gnoll misses you.
You scratch the gnoll but do no damage. The gnoll hits you with a spear!
There are monsters nearby!
There are monsters nearby!
You scratch the gnoll.
The gnoll begins to bleed from its wounds!
The gnoll is lightly wounded.
The gnoll hits you with a spear.
* * * LOW HITPOINT WARNING * * *
The gnoll barely misses you. The gnoll closely misses you.
The gnoll completely misses you.
There are monsters nearby!
The gnoll hits you from afar with a spear!
You die...

#.## ####.#...# #.
#.....### #
##......# #.#.##.#
#### #...# (#
....>.#.####.###.#
..................#
.##...........#..
#..#..##@#.....#
#..#..##.# ###. #.
#...gg# # #.##gg#
#. .... ...(...
#.....# #.....#
#.....#


You could see 4 gnolls.

Vanquished Creatures
  3 bats (D:1)
  5 goblins
  4 hobgoblins (D:1)
  2 giant cockroaches (D:1)
  3 giant newts
  2 rats (D:1)
  A toadstool (D:1)
20 creatures vanquished.

Vanquished Creatures (others)
  3 toadstools (D:1)
3 creatures vanquished.

Grand Total: 23 creatures vanquished

Notes
Turn   | Place    | Note
--------------------------------------------------------------
     0 | D:1      | monobi, the Demonspawn Transmuter, began the quest for the Orb.
     0 | D:1      | Reached XP level 1. HP: 15/15 MP: 3/3
   196 | D:1      | Gained mutation: You have sharp fingernails. [demonic ancestry]
   196 | D:1      | Reached XP level 2. HP: 18/21 MP: 4/4
   237 | D:1      | Reached skill level 3 in Unarmed Combat
   731 | D:2      | Found a shadowy altar of Dithmenos.
   765 | D:2      | Slain by a gnoll

Action                   || total
-------------------------++-------
Melee: Unarmed           ||    70
 Cast: Beastly Appendage ||     3
